 Dungeon Crawl Stone Soup version 0.25.0-1-g7eea58d (webtiles) character file.

Game seed: 1736861317372573139

72 Ayyar the Skirmisher (level 4, 0/37 HPs)
             Began as a Formicid Abyssal Knight on June 23, 2020.
             Was a Believer of Lugonu.
             Slain by a scorpion (3 damage)
             ... on level 4 of the Dungeon.
             The game lasted 00:04:48 (1187 turns).

Ayyar the Skirmisher (Formicid Abyssal Knight)      Turns: 1187, Time: 00:04:49

Health: 0/37       AC:  5    Str: 17    XL:     4   Next: 50%
Magic:  5/5        EV: 10    Int: 12    God:    Lugonu [**....]
Gold:   93         SH:  0    Dex: 10    Spells: 3/3 levels left

rFire    . . .     SeeInvis +   a - +1 spear
rCold    . . .     Gourm    .   (no shield)
rNeg     . . .     Faith    .   l - +0 ring mail
rPois    .         Spirit   .   (helmet unavailable)
rElec    .         Reflect  .   (no cloak)
rCorr    .         Harm     .   (no gloves)
MR       .....                  (no boots)
Stlth    ..........             (no amulet)
HPRegen  0.12/turn              (no ring)
MPRegen  0.09/turn              (no ring)

@: stab
A: permanent stasis, dig shafts and tunnels, four strong arms, antennae 3
a: Dig, Shaft Self, Depart the Abyss, Bend Space, Renounce Religion


You were on level 4 of the Dungeon.
You worshipped Lugonu.
Lugonu was pleased with you.
You were hungry.

You visited 1 branch of the dungeon, and saw 4 of its levels.
You visited the Abyss 1 time.

You collected 93 gold pieces.

Inventory:

Hand Weapons
 a - a +1 spear (weapon)
Missiles
 g - 7 javelins (quivered)
Armour
 l - a +0 ring mail (worn)
Jewellery
 e - an uncursed ring of wizardry
Scrolls
 b - a scroll of remove curse {unknown}
 d - a scroll of amnesia {unknown}
 h - a scroll of blinking {unknown}
 i - a scroll of teleportation {unknown}
 j - a scroll of identify {unknown}
 k - a scroll of immolation {unknown}
Potions
 f - a potion of stabbing
Comestibles
 c - 6 rations


   Skills:
 + Level 4.1 Fighting
 + Level 3.0 Polearms
 + Level 2.8 Armour
 + Level 1.2 Dodging
 + Level 2.5 Invocations


You had 3 spell levels left.
You didn't know any spells.
Your spell library was empty.

Dungeon Overview and Level Annotations

Branches:
Dungeon (5/15)
 Temple: D:4-7

Altars:

Annotations:
D:2 Robin


Innate Abilities, Weirdness & Mutations

You cannot be hasted, slowed, berserked, paralysed or teleported.
You can dig through walls and to a lower floor.
Your four strong arms can wield two-handed weapons with a shield.
You have a pair of large antennae on your head. (SInv)


Message History

Found 6 gold pieces and a potion of heal wounds.
Found a stone staircase leading down.
Found a war axe.
There is a stone staircase leading down here.
The giant cockroach closely misses you.
The frilled lizard bites you but does no damage.
You climb downwards.
An adder and a worm come into view.
The adder hisses angrily.
There is a stone staircase leading up here.
You hit the frilled lizard.
You kill the frilled lizard!
Lugonu accepts your kill.
The giant cockroach bites you but does no damage.
The giant cockroach bites you.
* * * LOW HITPOINT WARNING * * *
You climb upwards.
The scorpion stings you but does no damage.
The scorpion stings you.
You die...

.##... ..... ###
.... ..
##..##........
#......) .....
##.!....##....
#...........#
#.....@....# ###.
##...ss....###....
#..........#....#
#..#.............
.....#.............
.... #.............
..#....#...........
.###...............
#.......$.......


You could see a scorpion and a giant cockroach.

Vanquished Creatures
  2 dart slugs (D:1)
  A leopard gecko (D:1)
  4 orcs (D:2)
  3 giant cockroaches (D:1)
  13 goblins
  8 hobgoblins
  2 jackals (D:1)
  6 kobolds
  7 bats
  5 frilled lizards
  5 rats (D:1)
56 creatures vanquished.

Notes
Turn   | Place    | Note
-------+----------+-------------------------------------------
     0 | Abyss:1  | Ayyar the Formicid Abyssal Knight began the quest for the
                  | Orb.
     0 | Abyss:1  | Reached XP level 1. HP: 18/18 MP: 2/2
    10 | Abyss:1  | Noticed a wight
    10 | Abyss:1  | Noticed a wight
    10 | Abyss:1  | Noticed a wight
    10 | D:1      | Escaped the Abyss
    71 | D:1      | Reached * piety under Lugonu
   131 | D:1      | Reached XP level 2. HP: 24/25 MP: 3/3
   176 | D:1      | Reached skill level 1 in Dodging
   349 | D:1      | Reached XP level 3. HP: 17/30 MP: 4/4
   355 | D:1      | Reached skill level 4 in Fighting
   873 | D:2      | Reached XP level 4. HP: 28/37 MP: 5/5
   881 | D:2      | Reached ** piety under Lugonu
  1135 | D:2      | Noticed Robin
  1173 | D:2      | You fall into a shaft and drop 2 floors!
  1184 | D:5      | Entered Level 5 of the Dungeon
  1187 | D:4      | Slain by a scorpion

Illustrated notes

Levels and vault maps discovered:
D:1:      minmay_arrival_up_and_down, layout_rooms, minmay_pentomino_w4
D:2:      layout_basic, lemuel_crystal_altar, nicolae_overflow_hidden_temple,
          chequers_ecumenical_altar_simple, kennysheep_generic_room_3,
          uniq_robin
D:4:      layout_cave_pools, minmay_temple_entry_large_hall, first_ration
D:5:      layout_loops_ring

Skill      XL: |  1  2  3  4 |
---------------+-------------+-----
Dodging        | 1 |  1.2
Fighting       | 4 |  4.1
Polearms       | 3 |  3.0
Armour         | |  2.8
Invocations    | |  2.5

Action                   |  1- 3 |  4- 6 || total
-------------------------+-------+-------++-------
Melee: Spear             |   138 |    47 ||   185
Invok: Depart the Abyss  |     1 |       ||     1
 Abil: Shaft Self        |       |     1 ||     1
  Use: Potion            |     1 |     1 ||     2
  Eat: Chunk             |       |     1 ||     1
Armor: Leather armour    |    32 |     1 ||    33
       Ring mail         |       |    14 ||    14
Dodge: Dodged            |    81 |    21 ||   102
